 Dungeon Crawl Stone Soup version 0.18.1-6-gd335043 (webtiles) character file.

2855 mistymad the Skirmisher (level 9, -13/57 HPs)
             Began as a Gargoyle Fighter on May 20, 2016.
             Was a Believer of Okawaru.
             Mangled by a hill giant
             ... wielding a +0 giant spiked club
              (28 damage)
             ... on level 7 of the Dungeon.
             The game lasted 00:35:03 (8071 turns).

mistymad the Skirmisher (Gargoyle Fighter)          Turns: 8071, Time: 00:35:04

Health: -13/57     AC: 18    Str: 21    XL:     9   Next: 75%
Magic:  7/9        EV: 15    Int:  8    God:    Okawaru [**....]
Gold:   318        SH: 17    Dex: 12    Spells: 0 memorised, 8 levels left

rFire  . . .     SeeInvis +     w - +0 morningstar
rCold  . . .     Gourm    .     E - +1 ring mail {MR+}
rNeg   + . .     Faith    .     c - +0 shield
rPois  ∞         Spirit   .     B - +0 helmet
rElec  +         Dismiss  .     a - +0 cloak
rCorr  .         Reflect  +     (no gloves)
SustAt .         Harm     .     D - +0 pair of boots
MR     +....                    I - +4 amulet of reflection
Stlth  ++........               (no ring)
                                v - ring of see invisible

@: heroism, somewhat resistant to hostile enchantments, unstealthy
A: negative energy resistance 1, electricity resistance, unbreathing,
petrification resistance, rot immunity, AC +5
a: Heroism, Renounce Religion


You were on level 7 of the Dungeon.
You worshipped Okawaru.
Okawaru was pleased with you.
You were not hungry.

You visited 2 branches of the dungeon, and saw 8 of its levels.
You also visited: Sewer.

You collected 318 gold pieces.

Inventory:

Hand Weapons
 w - a +0 morningstar (weapon)
Armour
 a - a +0 cloak (worn)
 c - a +0 shield (worn)
 B - a +0 helmet (worn)
 D - a +0 pair of boots (worn)
 E - a +1 ring mail of magic resistance (worn)
Jewellery
 v - a ring of see invisible (left hand)
 I - a +4 amulet of reflection (around neck)
Wands
 t - a wand of slowing (13/48)
 G - a wand of confusion (35/48)
 H - a wand of lightning (3/15)
 L - a wand of lightning (7/15)
 M - a wand of iceblast (6/15)
Scrolls
 b - 2 scrolls of enchant armour {unknown}
 g - 2 scrolls of amnesia {unknown}
 i - 3 scrolls of recharging {unknown}
 j - 4 scrolls of teleportation {unknown}
 m - 2 scrolls of random uselessness {unknown}
 n - 5 scrolls of identify {unknown}
 o - 4 scrolls of fog {unknown}
 p - 4 scrolls of remove curse {unknown}
 r - a scroll of magic mapping {unknown}
 y - 2 scrolls of immolation {unknown}
 C - a scroll of noise {unknown}
 J - 2 scrolls of enchant weapon {unknown}
Potions
 d - 4 potions of might
 e - a potion of ambrosia {unknown}
 l - 7 potions of curing {unknown}
 q - 3 potions of degeneration {unknown}
 s - a potion of agility {unknown}
 u - 3 potions of heal wounds {unknown}
 x - 3 potions of flight {unknown}
 A - 3 potions of resistance {unknown}
 F - a potion of berserk rage {unknown}
Comestibles
 f - 8 bread rations
 h - 4 meat rations
 k - 4 fruits
 z - 2 beef jerkies
 K - 3 chunks of flesh


   Skills:
 + Level 7.4(12.4) Fighting
 + Level 6.2(11.2) Maces & Flails
 + Level 6.9(11.9) Armour
 + Level 4.6(9.6) Dodging
 + Level 7.2(12.2) Shields


You had 8 spell levels left.
You didn't know any spells.

Dungeon Overview and Level Annotations

Branches:
Dungeon (7/15)             Temple (1/1) D:4

Altars:
Ashenzari
Cheibriados
Dithmenos
Elyvilon
Fedhas
Gozag
Kikubaaqudgha
Makhleb
Nemelex Xobeh
Okawaru
Pakellas
Qazlal
Ru
Sif Muna
Trog
Vehumet
Xom
Zin
The Shining One

Annotations:
D:5 1 runed door


Innate Abilities, Weirdness & Mutations

You are resistant to torment.
Your stone body is resilient (AC +5).
You are immune to poison.
You resist negative energy.
You are resistant to electric shocks.
You can survive without breathing.
You are immune to petrification.
You are immune to rotting.


Message History

There isn't anything to butcher here.
You see here a mace.
You now have 318 gold pieces (gained 12).
You start resting.
HP restored.
There is a stone staircase leading down here.
The hill giant shouts!
The hill giant is too close now for your liking.
A shadow imp comes into view.
You gain the combat prowess of a mighty hero.
You feel slightly more hungry.
The hill giant hits you with a giant spiked club!!
Ouch! That really hurt!
The shadow imp gestures at you. Pain shoots through your body!
* * * LOW HITPOINT WARNING * * *
You thump the hill giant!
The hill giant is lightly wounded.
The hill giant hits you with a giant spiked club!!
You die...

......###.....# ...#
.####.........##... ##...#
#####........... ##....#
###.....#..### ...#..#
#..<..#.#..# ##.....
#.....#...## #....####.
#.....#..######.........
#.....#..###......###### #
#.....#...@C............ ..
#..............#.########.#
#......##5.................
#..............########....
#............#.....##.....#
##.....#.....##.....#...#..#
#.....##....###............#
....##....[...........##..##.#
######....#.....####.#..#.##
..


You could see a hill giant and a shadow imp.

Vanquished Creatures
  A troll (D:7)
  Grinder (D:3)
  A yak (D:4)
  An orc warrior (D:7)
  2 ice beasts
  A black bear (D:6)
  A sky beast (D:6)
  2 phantoms
  A necrophage (D:6)
  2 ogres
  3 centaurs
  A big kobold (Sewer)
  A scorpion (D:5)
  5 crimson imps
  A quasit (D:4)
  2 jellies (D:6)
  3 orc wizards (D:7)
  2 orc priests
  Crazy Yiuf (D:3)
  2 giant frog skeletons (D:6)
  3 hounds
  An iguana (D:6)
  6 worker ants
  A hound skeleton (D:3)
  A worker ant zombie (D:5)
  Robin (D:3)
  3 river rats (Sewer)
  12 adders
  A shadow imp (D:7)
  2 oozes (D:1)
  An adder skeleton (D:6)
  2 worms
  A dart slug (D:3)
  5 giant geckos
  16 orcs
  5 giant cockroaches
  12 goblins
  10 hobgoblins
  3 jackals
  9 kobolds
  3 quokkas (D:3)
  A sheep (D:6)
  4 bats
  A giant gecko zombie (D:4)
  8 giant newts
  A quokka skeleton (D:4)
  8 rats
155 creatures vanquished.

Notes
Turn   | Place    | Note
--------------------------------------------------------------
     0 | D:1      | mistymad the Gargoyle Fighter began the quest for the Orb.
     0 | D:1      | Reached XP level 1. HP: 14/14 MP: 1/1
   204 | D:1      | Reached XP level 2. HP: 19/19 MP: 2/2
   693 | D:1      | Found a sparkling altar of Nemelex Xobeh.
   949 | D:1      | Reached XP level 3. HP: 23/24 MP: 3/3
  1856 | D:2      | You fall through a shaft!
  1909 | D:3      | Noticed Crazy Yiuf
  1915 | D:3      | Killed Crazy Yiuf
  1915 | D:3      | Reached XP level 4. HP: 19/29 MP: 4/4
  2032 | D:3      | Noticed Grinder
  2035 | D:3      | Paralysed by Grinder for 6 turns
  2078 | D:3      | Paralysed by Grinder for 2 turns
  2082 | D:3      | Paralysed by Grinder for 4 turns
  2099 | D:3      | Killed Grinder
  2099 | D:3      | Reached skill level 1 in Dodging
  2099 | D:3      | Reached XP level 5. HP: 5/34 MP: 5/5
  2099 | D:3      | Reached XP level 6. HP: 6/39 MP: 6/6
  2405 | D:3      | Found a glowing drain.
  2434 | Sewer    | Entered a sewer
  2473 | Sewer    | Reached skill level 5 in Fighting
  2740 | Sewer    | Found a white marble altar of Elyvilon.
  3344 | D:3      | Reached XP level 7. HP: 44/44 MP: 7/7
  3396 | D:3      | Noticed Robin
  3433 | D:3      | Killed Robin
  3821 | D:4      | Reached skill level 5 in Shields
  3989 | D:4      | Found a large runed door.
  3994 | D:4      | Found a large runed door.
  4016 | D:4      | Found a large runed door.
  4019 | D:4      | Found a large runed door.
  4041 | D:4      | Noticed a yak
  4082 | D:4      | Killed a yak
  4360 | D:4      | Identified the Handbook of Dislocation (You found it on level 4 of the Dungeon)
  4456 | D:4      | Reached XP level 8. HP: 51/51 MP: 8/8
  4485 | D:4      | Reached skill level 5 in Armour
  4908 | D:4      | Found a staircase to the Ecumenical Temple.
  4937 | Temple   | Entered the Ecumenical Temple
  5084 | Temple   | Became a worshipper of Warmaster Okawaru
  5304 | D:5      | Entered Level 5 of the Dungeon
  5582 | D:5      | Got a crude leather armour
  5583 | D:5      | Found a blossoming altar of Fedhas.
  5634 | D:5      | Identified the +2 leather armour "Ettu Wigg" {SInv} (You found it on level 5 of the Dungeon)
  5785 | D:5      | Found a glowing silver altar of Zin.
  5786 | D:5      | Found a runed door.
  5786 | D:5      | Noticed an angel
  5956 | D:5      | Reached skill level 5 in Maces & Flails
  6359 | D:5      | Reached * piety under Okawaru
  6635 | D:6      | Reached XP level 9. HP: 39/56 MP: 9/9
  6647 | D:6      | Found a shimmering altar of Xom.
  7216 | D:7      | Reached ** piety under Okawaru
  7260 | D:7      | Noticed a hill giant
  7295 | D:7      | Noticed a troll
  7317 | D:7      | Killed a troll
  8071 | D:7      | Mangled by a hill giant

Skill      XL: |  1  2  3  4  5  6  7  8  9 |
---------------+----------------------------+-----
Fighting       | 4 5 6 7 |  7.4
Maces & Flails | 3 4 5 6 |  6.2
Shields        | 4 5 6 7 |  7.2
Armour         | 4 5 6 |  6.9
Dodging        | 1 2 3 4 |  4.6

Action                   |  1- 3 |  4- 6 |  7- 9 || total
-------------------------+-------+-------+-------++-------
Melee: Flail             |   125 |       |       ||   125
       Mace              |       |   199 |   140 ||   339
       Morningstar       |       |       |   390 ||   390
Invok: Heroism           |       |       |     3 ||     3
  Eat: Chunk             |     3 |     5 |    16 ||    24
       Fruit             |       |       |     1 ||     1
Armor: Scale mail        |    65 |   135 |    84 ||   284
       Ring mail         |       |       |   173 ||   173
Dodge: Dodged            |    33 |    59 |   202 ||   294
Block: Shield            |    69 |   107 |   402 ||   578
       Reflection        |       |       |     3 ||     3
